 Dungeon Crawl Stone Soup version 0.16-a0-296-gbdb9f68 (webtiles) character file.

37 Ololoev the Sneak (level 3, -2/28 HPs)
             Began as a Naga Wizard on Aug 29, 2014.
             Slain by a gnoll (4 damage)
             ... on Level 3 of the Dungeon.
             The game lasted 00:05:22 (2365 turns).

Ololoev the Sneak (Naga Wizard)                     Turns: 2365, Time: 00:05:22

HP  -2/28        AC  3     Str  9      XL: 3   Next: 41%
MP   2/7         EV  9     Int 18      God:
Gold 89          SH  0     Dex 10      Spells:  4 memorised,  0 levels left

rFire  . . .     SeeInvis +     e - +0 short sword
rCold  . . .     Clarity  .     a - +0 robe
rNeg   + . .     rCorr    .     (no shield)
rPois  +         rRot     .     r - +0 helmet {SInv}
rElec  .         Spirit   .     (no cloak)
SustAb .         Warding  +     (no gloves)
rMut   .         Stasis   .     (no barding)
Gourm  .                        n - amulet of warding
MR     .....                    (no ring)
                                (no ring)

@: short of breath, very slow, not resistant to hostile enchantments, unstealthy
A: spit poison, see invisible, deformed body, poison resistance, slowness 2, AC
+1
a: Spit Poison


You were on level 3 of the Dungeon.
You were very hungry.

You visited 1 branch of the dungeon, and saw 3 of its levels.

You collected 89 gold pieces.

Inventory:

Hand weapons
 e - a +0 short sword (weapon)
Armour
 a - a +0 robe (worn)
 r - a +0 helmet of see invisible (worn)
Magical devices
 o - a wand of digging (10)
Comestibles
 d - 2 bread rations
 f - a beef jerky
 h - a meat ration
Scrolls
 i - 2 scrolls of remove curse {unknown}
 j - 2 scrolls of fog {unknown}
 l - 3 scrolls of identify {unknown}
 m - a scroll of amnesia {unknown}
 q - a scroll of enchant weapon {unknown}
Jewellery
 n - an amulet of warding (around neck)
Potions
 b - a potion of agility {unknown}
 g - a potion of flight {unknown}
 k - a potion of invisibility {unknown}
 p - 2 potions of might {unknown}
 s - a potion of heal wounds {unknown}
 t - a potion of degeneration {unknown}
Books
 c - a book of Minor Magic

   Spells                             Type                      Level
   *Magic Dart                        Conjuration                  1
   Blink                              Translocation                2
   *Call Imp                          Summoning                    2
   *Repel Missiles                    Charms/Air                   2
   Slow                               Hexes                        2
   Conjure Flame                      Conjuration/Fire             3
   *Mephitic Cloud                    Conjuration/Poison/Air       3


   Skills:
 - Level 1.5 Dodging
 - Level 3.0 Stealth
 - Level 3.0 Spellcasting
 + Level 2.0 Conjurations
 - Level 2.0 Summonings
   Level 1.0 Translocations
 + Level 1.4 Air Magic
 + Level 0.0 Poison Magic


You couldn't memorise any spells.
You knew the following spells:

 Your Spells              Type           Power        Failure   Level  Hunger
a - Magic Dart            Conj           #...         10%         1    None
b - Repel Missiles        Chrm/Air       #.....       21%         2    ##.....
c - Call Imp              Summ           #.......     12%         2    ##.....
d - Mephitic Cloud        Conj/Pois/Air  #.......     34%         3    ###....


Dungeon Overview and Level Annotations

Branches:
Dungeon (3/15)

Altars:
Ashenzari
Elyvilon
Qazlal
Trog


Innate Abilities, Weirdness & Mutations

You cannot wear boots.
You can spit poison.
Your serpentine skin is tough (AC +1).
You have supernaturally acute eyesight.
Armour fits poorly on your strangely shaped body.
Your system is resistant to poisons.
You cover ground very slowly.


Message History

The gnoll is heavily wounded.
You feel slightly more hungry. The gnoll hits you.
* * * LOW HITPOINT WARNING * * *
Casting: Magic Dart
Confirm with . or Enter, or press ? or * to list all spells.
Aiming: Magic Dart
Press: ? - help, Shift-Dir - straight line, f/p - gnoll
Aim: a gnoll wearing a scale mail (heavily wounded)
The magic dart hits the gnoll.
The gnoll is heavily wounded.
The gnoll barely misses you.
Casting: Magic Dart
Confirm with . or Enter, or press ? or * to list all spells.
Aiming: Magic Dart
Press: ? - help, Shift-Dir - straight line, f/p - gnoll
Aim: a gnoll wearing a scale mail (heavily wounded)
The magic dart hits the gnoll.
The gnoll is heavily wounded.
The gnoll hits you.
You die...

.'...#.. ...#.....
#.......$###########
#..# .......#
##[###......#
#..##......#
##.##......#
#.g#......#
##@#......#
#.#......#
#..###...# ##.#
#...#.####### #.#
#...#........ #.#
#(..########. #.#
#............ #..
#(.#########.
######.##..# #.


You could see a gnoll.

Vanquished Creatures
  A gnoll (D:3)
  A giant gecko (D:1)
  An ooze (D:3)
  An orc (D:3)
  3 bats (D:1)
  A giant cockroach (D:1)
  2 hobgoblins
  A quokka (D:2)
  A ball python (D:3)
  A giant newt (D:2)
  5 goblins
  3 kobolds
  4 rats
25 creatures vanquished.

Notes
Turn   | Place    | Note
--------------------------------------------------------------
     0 | D:1      | Ololoev, the Naga Wizard, began the quest for the Orb.
     0 | D:1      | Reached XP level 1. HP: 15/15 MP: 4/4
   218 | D:1      | Reached XP level 2. HP: 22/22 MP: 3/6
   222 | D:1      | Learned a level 2 spell: Repel Missiles
   225 | D:1      | Learned a level 2 spell: Call Imp
  1328 | D:2      | Found a white marble altar of Elyvilon.
  1425 | D:2      | Found a stormy altar of Qazlal.
  1451 | D:2      | Found a shattered altar of Ashenzari.
  1451 | D:2      | Found a bloodstained altar of Trog.
  2050 | D:3      | Reached skill level 1 in Air Magic
  2050 | D:3      | Reached XP level 3. HP: 10/28 MP: 1/7
  2339 | D:3      | Learned a level 3 spell: Mephitic Cloud
  2365 | D:3      | Slain by a gnoll

Action                   || total
-------------------------++-------
Melee: Short sword       ||    46
 Cast: Magic Dart        ||    46
 Abil: Spit Poison       ||    19
Evoke: Wand              ||     1
  Eat: Chunk             ||     4
